cohdb
Replays
Latest Replays
All Replays
Popular Replays
Top Player Replays
Match Explorer
How It Works
Community
CoH3 Stats
Reddit
Sign in to upload your games and track your stats! →
Sign in with Steam
Match 40091484
Unlisted
Match 40091484
Overview
Messages
Build Orders
End
Construct Section Command Post
Vickers Machine Gun Team
Selects Canadian Shock Battlegroup
Infantry Section
Dingo Light Scout Car
Vickers Machine Gun Team
Selects Attacking Spirit
Selects Canadian Shock Section
Canadian Shock Section
Construct Platoon Command Post
Humber Armored Car
Selects Incendiary Munitions
CMP 15cwt Truck
ML 3-inch Mortar Team
Selects Pyrotechnics
Unlock M3 Stuart Light Tanks
AI Takeover
Bighazelnut
hanswurstmagschinken
Strategos
holybutters
0
0
Comments
sign in to comment!
No comments posted yet!